 Dungeon Crawl Stone Soup version 0.31.0-12-g77e489cdc1 (webtiles) character file.

Game seed: 15310044323258310293

16754 Silvore the Basher (level 12, -1/106 (107) HPs)
             Began as a Minotaur Fighter on Feb 25, 2024.
             Was an Elder of the Shining One.
             Slain by a sun demon (5 damage)
             ... summoned by an obsidian statue
             ... on level 12 of the Dungeon.
             The game lasted 00:15:58 (13948 turns).

Silvore the Basher (Minotaur Fighter)              Turns: 13948, Time: 00:15:59

HP:   -1/106 (107)  AC: 15    Str: 27    XL:     12   Next: 12%
MP:   11/11         EV: 10    Int:  5    God:    the Shining One [****..]
Gold: 443           SH:  8    Dex:  9    Spells: 11/11 levels left

rFire   . . .        e - +2 flail (holy)
rCold   + . .        n - +2 buckler {reflect}
rNeg    + + .        p - +0 chain mail
rPois   .            (helmet restricted)
rElec   .            m - +0 cloak
rCorr   .            (no gloves)
SInv    +            h - +0 pair of boots
Will    .....        (no amulet) Stlth
                     j - ring of the Death Scarab {rC+ Slay+2 SInv}
HPRegen 0.37/turn    q - ring of flight
MPRegen 0.12/turn

%: reflection
@: flying, glowing, lightly drained
A: horns 2, retaliatory headbutt
a: Renounce Religion, Divine Shield, Cleansing Flame


You were on level 12 of the Dungeon.
You worshipped the Shining One.
The Shining One was greatly pleased with you.
You visited 2 branches of the dungeon, and saw 13 of its levels.
You also visited: Bailey.

You collected 553 gold pieces.
You donated 110 gold pieces to Zin.

Inventory:

Hand Weapons
 a - a +0 flail
 e - a +2 flail of holy wrath (weapon)
Missiles
 F - 2 throwing nets (quivered)
Armour
 b - a +0 scale mail
 c - a +0 buckler
 h - a +0 pair of boots (worn)
 k - a +2 troll leather armour {Snorg}
 m - a +0 cloak (worn)
 n - a +2 buckler of reflection (worn)
 p - a +0 chain mail (worn)
Jewellery
 j - the ring of the Death Scarab (left hand) {rC+ Slay+2 SInv}
   (You acquired it on level 5 of the Dungeon)

   [ring of see invisible]

   Slay+2:    It affects your accuracy & damage with ranged weapons and melee
   (+2).
   rC+:       It protects you from cold.
   SInv:      It lets you see invisible.
 l - a +6 ring of strength
 q - a ring of flight (right hand)
 B - a ring of fire
 G - a ring of wizardry
 I - a ring of protection from cold
 J - the ring "Pyskuatt" {rC+ rN+}
   (You found it on level 11 of the Dungeon)

   [ring of protection from cold]

   rC+:       It protects you from cold.
   rN+:       It protects you from negative energy.
 M - a ring of protection from fire
Wands
 r - a wand of flame (46)
 y - a wand of paralysis (12)
 C - a wand of digging (10)
Scrolls
 g - 2 scrolls of teleportation
 w - 2 scrolls of amnesia
 D - 2 scrolls of revelation
 E - a scroll of fog
 K - a scroll of identify
 L - a scroll of enchant weapon
Potions
 d - 3 potions of might
 f - 2 potions of berserk rage
 i - 2 potions of enlightenment
 o - 3 potions of curing
 s - 5 potions of mutation
 t - 3 potions of magic
 u - a potion of brilliance {unknown}
 v - 2 potions of degeneration {unknown}
 x - a potion of invisibility {unknown}
 z - 2 potions of resistance {unknown}
 A - 4 potions of haste
 H - a potion of attraction {unknown}


   Skills:
 + Level 10.4 Fighting
 + Level 14.5 Maces & Flails
 + Level 12.1 Armour
 + Level 5.4 Dodging
 + Level 2.3 Stealth
 + Level 10.1 Shields
 + Level 0.1 Invocations


You had 11 spell levels left.
You didn't know any spells.
Your spell library contained the following spells:

 Spells                   Type           Power      Damage    Failure   Level
 Freeze                   Ice            0%         1d3       90%         1
 Ensorcelled Hibernation  Hex/Ice        0%         N/A       97%         2
 Lesser Beckoning         Tloc           0%         N/A       97%         2
 Frozen Ramparts          Ice            0%         1d1       99%         3
 Fugue of the Fallen      Necr           0%         N/A       99%         3
 Gell's Gravitas          Tloc           0%         N/A       99%         3
 Hailstorm                Conj/Ice       0%         3d5       99%         3
 Ozocubu's Armour         Ice            0%         N/A       99%         3
 Passwall                 Erth           0%         N/A       99%         3
 Swiftness                Air            0%         N/A       99%         3
 Teleport Other           Tloc           0%         N/A       99%         3
 Manifold Assault         Tloc           0%         N/A       100%        4


Dungeon Overview and Level Annotations

Branches:
Dungeon (12/15)            Temple (1/1) D:4            Lair (0/5) D:8
    Orc (0/2) D:12         Bailey (visited)

Altars:
Ashenzari
Cheibriados
Dithmenos
Elyvilon
Fedhas
Gozag
Hepliaklqana
Kikubaaqudgha
Makhleb
Nemelex Xobeh
Okawaru
Qazlal
Ru
Sif Muna
Trog
Uskayaw
Vehumet
Wu Jian
Xom
Yredelemnul
Zin
The Shining One

Shops:
D:11 (

Annotations:
D:12 exclusion: obsidian statue


Innate Abilities, Weirdness & Mutations

You have a pair of horns on your head.
You reflexively headbutt those who attack you in melee.


Message History

The red devil barely misses you.
You sock the ufetubus!
You kill the ufetubus!
The ufetubus disappears in a puff of smoke!
The barbed spikes dig painfully into your body as you move.
The obsidian statue's eyes glow briefly.
You block the red devil's attack.
There is an open door, spattered with blood here.
The barbed spikes dig painfully into your body as you move.
The obsidian statue's eyes glow briefly.
The obsidian statue attempts to bespell you!
You are mesmerised by the obsidian statue!
You cannot move away from the obsidian statue!
You cannot move away from the obsidian statue!
Unknown command.
You carefully extract the barbed spikes from your body.
You are no longer entranced.
You block the red devil's attack.
The obsidian statue's eyes glow briefly.
The shadow imp disappears in a puff of smoke!
The crimson imp attacks as it pursues you!
The crimson imp closely misses you. You furiously retaliate!
You headbutt the crimson imp.
The crimson imp attacks as it pursues you!
The crimson imp hits you but does no damage.
You completely miss the crimson imp. You block the crimson imp's attack.
You sock the crimson imp!
The crimson imp convulses!
You kill the crimson imp!
The crimson imp disappears in a puff of smoke!
The sun demon closely misses you. The sun demon hits you!
You are engulfed in flames!!
You bludgeon the sun demon!!
The sun demon convulses!!
The sun demon is almost dead.
The sun demon hits you!!
* * * LOW HITPOINT WARNING * * *
You are engulfed in flames!
* * * LOW HITPOINT WARNING * * *
The sun demon hits you but does no damage.
The sun demon hits you.
You die...

..<....'..$:[.....#
...#####..........#
...# #..........# ...#
#...3......# ...#
####'####### ####
#.###### # #....5.#
#### ######3# )..#
########@## ########+#
...+ #.........#
#......... ...#
+.........####.........
...#
#.........##.'.........
...###
#.........##.#.........
.....#
#.........'..#.........
.....#
#.........####.........
.....# ########'##
##'###### .....##
##....# #..#


You could see a sun demon (summoned) and a quasit (summoned).

Vanquished Creatures
  Snorg (D:12)
  Josephine (D:10)
  Harold (D:9)
  3 two-headed ogres
  Erica (D:11)
  Pikel (D:9)
  An orc knight (Bailey)
  2 cyclopes
  A manticore (D:11)
  An elephant (D:8)
  An unseen horror (D:12)
  An unseen horror zombie (D:9)
  An unseen horror skeleton (D:9)
  3 trolls
  A shadow (D:11)
  6 wraiths
  12 yaks
  Eustachio (D:6)
  2 wyverns
  2 wargs (D:12)
  Grum (D:9)
  4 vampire mosquitoes (D:10)
  2 acid dragons
  2 water moccasins (D:9)
  An ice beast (D:8)
  A black bear (D:8)
  4 orc warriors
  An ogre (D:6)
  3 wolves (D:9)
  4 centaurs
  A phantom (D:5)
  4 kobold brigands
  6 bullfrogs
  A wyvern zombie (D:9)
  2 gnoll sergeants
  5 scorpions
  A burial acolyte (D:9)
  4 wights
  3 killer bees (D:10)
  3 bombardier beetles
  3 centaur zombies (D:9)
  A gnoll bouda (D:8)
  A human zombie (D:9)
  6 orc priests
  3 hounds (D:6)
  A jelly (D:5)
  10 orc wizards
  Natasha (thrice) (D:4)
  3 iguanas
  3 howler monkey zombies (D:9)
  9 adders
  22 gnolls
  4 white imps
  2 ufetubi (D:7)
  3 ribbon worms (D:2)
  A dart slug (D:1)
  49 orcs
  7 endoplasms
  4 giant cockroaches
  6 hobgoblins
  7 jackals (D:1)
  8 quokkas
  4 ball pythons
  11 bats
  6 frilled lizards
  7 goblins
  22 kobolds
  21 rats
323 creatures vanquished.

Notes
Turn   | Place    | Note
-------+----------+-------------------------------------------
     0 | D:1      | Silvore the Minotaur Fighter began the quest for the Orb.
     0 | D:1      | Reached XP level 1. HP: 19/19 MP: 0/0
   154 | D:1      | Reached XP level 2. HP: 27/27 MP: 1/1
   536 | D:1      | Reached XP level 3. HP: 33/33 MP: 2/2
  1203 | D:2      | Reached skill level 3 in Maces & Flails
  1317 | D:2      | Reached skill level 1 in Dodging
  1395 | D:2      | Found a faded altar of an unknown god.
  1572 | D:2      | Reached XP level 4. HP: 37/40 MP: 3/3
  2369 | D:3      | Reached skill level 4 in Maces & Flails
  2532 | D:3      | Reached XP level 5. HP: 17/47 MP: 4/4
  3241 | D:3      | Reached skill level 5 in Armour
  3241 | D:3      | Reached XP level 6. HP: 12/52 MP: 5/5
  3245 | D:3      | Reached skill level 5 in Maces & Flails
  3245 | D:3      | Reached skill level 5 in Shields
  3691 | D:4      | Found a staircase to the Ecumenical Temple.
  3699 | D:4      | Noticed Natasha
  3706 | D:4      | Killed Natasha
  3710 | D:4      | Reached XP level 7. HP: 45/60 MP: 6/6
  3721 | Temple   | Entered the Ecumenical Temple
  3780 | Temple   | Became a worshipper of Zin the Law-Giver
  3780 | Temple   | Reached * piety under Zin
  3963 | D:4      | Noticed Natasha
  3971 | D:4      | Killed Natasha
  4136 | D:4      | Noticed Natasha
  4142 | D:4      | Killed Natasha
  4223 | D:5      | Entered Level 5 of the Dungeon
  4264 | D:5      | Reached skill level 6 in Maces & Flails
  4407 | D:5      | Reached skill level 5 in Fighting
  4407 | D:5      | Reached skill level 1 in Stealth
  4414 | D:5      | Reached ** piety under Zin
  4817 | D:5      | Reached skill level 7 in Maces & Flails
  4980 | D:5      | Identified a scroll of acquirement
  4980 | D:5      | Acquired the ring of the Death Scarab {rC+ Slay+2 SInv}
  5086 | D:5      | Donated 89 gold pieces to Zin
  5229 | D:6      | Reached XP level 8. HP: 45/68 MP: 7/7
  5394 | D:6      | Reached skill level 8 in Maces & Flails
  5727 | D:6      | Noticed Eustachio
  5745 | D:6      | Killed Eustachio
  5997 | Temple   | Fell from the grace of Zin
  5997 | Temple   | Became a worshipper of the Shining One
  6145 | D:7      | Reached * piety under the Shining One
  6824 | D:8      | Found a flagged portal.
  6832 | Bailey   | Entered a bailey
  7522 | Bailey   | Noticed an orc knight
  7525 | Bailey   | Reached skill level 9 in Maces & Flails
  7539 | Bailey   | Killed an orc knight
  7540 | Bailey   | Reached XP level 9. HP: 12/75 MP: 8/8
  7690 | D:8      | Reached skill level 10 in Maces & Flails
  8041 | D:8      | Found a staircase to the Lair.
  8041 | D:8      | Noticed an elephant
  8047 | D:8      | Killed an elephant
  8181 | D:8      | Reached skill level 11 in Maces & Flails
  8379 | D:9      | Reached ** piety under the Shining One
  8498 | D:9      | Reached XP level 10. HP: 86/86 MP: 9/9
  8758 | D:9      | Noticed Harold
  8787 | D:9      | Killed Harold
  8788 | D:9      | Reached skill level 10 in Armour
  8791 | D:9      | Noticed Pikel
  9243 | D:9      | Killed Pikel
  9274 | D:9      | Noticed Grum
  9285 | D:9      | Killed Grum
  9524 | D:9      | Reached skill level 12 in Maces & Flails
  9728 | D:9      | Found an ancient bone altar of Kikubaaqudgha.
  9748 | D:9      | Reached *** piety under the Shining One
  9814 | D:10     | Entered Level 10 of the Dungeon
  9983 | D:10     | Noticed Josephine
 10010 | D:10     | Killed Josephine
 10011 | D:10     | Reached XP level 11. HP: 22/97 MP: 10/10
 10021 | D:10     | Reached skill level 13 in Maces & Flails
 10834 | D:10     | Reached **** piety under the Shining One
 10857 | D:10     | Noticed a two-headed ogre
 10866 | D:10     | Killed a two-headed ogre
 11547 | D:11     | Found Manotoh's Weapon Emporium.
 11551 | D:11     | Noticed Erica
 11560 | D:11     | Killed Erica
 11571 | D:11     | Reached skill level 14 in Maces & Flails
 11576 | D:11     | Identified the ring "Pyskuatt" {rC+ rN+}
 11897 | D:11     | Noticed a two-headed ogre
 11909 | D:11     | Killed a two-headed ogre
 11910 | D:11     | Reached skill level 5 in Dodging
 12801 | D:12     | Reached skill level 10 in Fighting
 12900 | D:12     | Noticed a two-headed ogre
 12920 | D:11     | Reached XP level 12. HP: 32/106 MP: 11/11
 13222 | D:12     | Killed a two-headed ogre
 13287 | D:12     | Found a staircase to the Orcish Mines.
 13351 | D:12     | Noticed Snorg
 13365 | D:12     | Killed Snorg
 13366 | D:12     | Reached skill level 10 in Shields
 13943 | D:12     | HP: 2/106 [sun demon[an obsidian statue] (14)]
 13948 | D:12     | Slain by a sun demon

Illustrated notes

Levels and vault maps discovered:
D:1:      psy_arrival_radial02, layout_basic, nrook_mini_backslash,
          chequers_avenue, nicolae_concentric_dashed_squares_wild,
          grunt_decor_mini_mirrors
D:2:      minmay_skewed_foursquare, layout_loops_corners,
          dreamdust_ecumenical_altar_hidden_monk_grotto
D:3:      cheibrodos_thug_alley, layout_basic
D:4:      layout_rooms, minmay_temple_entry_stoned_glass, minmay_rat_hole,
          uniq_natasha
D:5:      layout_basic
D:6:      layout_cave_pools, uniq_eustachio
D:7:      layout_gridville, serial_library_regret_index_split_case
D:8:      layout_cave_pools, grunt_lair_entry_orc_guard_hut, enter_bailey_2,
          hangedman_decor_lopped, serial_library_hellmonk_h_bend
D:9:      layout_loops_ring, lemuel_mausoleum_altar_kikubaaqudgha, st_stairs_7,
          uniq_grum, uniq_pikel, uniq_harold
D:10:     layout_grid_maze, uniq_josephine
D:11:     layout_loops_corners, serial_shops, nicolae_shop_bloodbath_and_beyond,
          uniq_erica
D:12:     layout_roguey, erik_orc_4, ldierk_geyser, minmay_protected_statue,
          uniq_azrael, uniq_snorg
Temple:   mainiacjoe_temple_starburst

Skill      XL: |  1  2  3  4  5  6  7  8  9 10 11 12 |
---------------+-------------------------------------+-----
Armour         | 4 5 6 8 9 10 11 12 | 12.1
Fighting       | 4 5 6 7 9 10 | 10.4
Shields        | 4 5 6 7 8 9 10 | 10.1
Maces & Flails | 3 4 5 7 9 11 12 14 | 14.5
Dodging        | 1 2 3 5 |  5.4
Stealth        | 1 2 |  2.3
Invocations    | |  0.1

Action                     |  1- 3 |  4- 6 |  7- 9 | 10-12 || total
---------------------------+-------+-------+-------+-------++-------
  Melee: Flail             |    78 |   153 |   292 |   332 ||   855
         Headbutt          |     8 |    21 |    54 |   115 ||   198
 Invoke: Donate Gold       |       |       |     1 |       ||     1
         Divine Shield     |       |       |       |     1 ||     1
    Use: Scroll            |     1 |     3 |    10 |     5 ||    19
         Potion            |       |     2 |     5 |     6 ||    13
 Armour: Scale mail        |    59 |   146 |       |       ||   205
         Chain mail        |       |     8 |   272 |   333 ||   613
  Dodge: Dodged            |    40 |    57 |   139 |   180 ||   416
  Block: Buckler           |    14 |    32 |   126 |   154 ||   326
         Reflection        |       |       |     1 |     7 ||     8
